 Dungeon Crawl Stone Soup version 0.16-a0-3724-gf14d081 (webtiles) character file.

6 Johnny the Skirmisher (level 1, -1/16 HPs)
             Began as an Octopode Fighter on Jan 21, 2015.
             Slain by a goblin (3 damage)
             ... on level 1 of the Dungeon.
             The game lasted 00:00:23 (61 turns).

Johnny the Skirmisher (Octopode Fighter)              Turns: 61, Time: 00:00:23

Health: -1/16      AC:  1    Str: 15    XL:     1   Next: 90%
Magic:  1/1        EV: 10    Int: 10    God:
Gold:   0          SH:  8    Dex: 11    Spells: 0 memorised, 0 levels left

rFire  . . .     SeeInvis .     a - +0 long sword
rCold  . . .     Clarity  .     c - +0 shield
rNeg   . . .     SustAb   .     (helmet restricted)
rPois  .         Gourm    .     (no amulet)
rElec  .         Spirit   .     (no ring)
rCorr  .         Warding  .     (no ring)
rMut   .         Stasis   .     (no ring)
MR     .....                    (no ring)
Stlth  ++........               (no ring)
                                (no ring)
                                (no ring)
                                (no ring)

@: not resistant to hostile enchantments, unstealthy
A: almost no armour, amphibious, 8 rings, constrict 8, camouflage 1, gelatinous
body 1
a: no special abilities


You were on level 1 of the Dungeon.
You were not hungry.

You visited 1 branch of the dungeon, and saw 1 of its levels.

Inventory:

Hand weapons
 a - a +0 long sword (weapon)
Armour
 c - a +0 shield (worn)
Potions
 e - a potion of might
Comestibles
 d - a bread ration


   Skills:
 + Level 3.2 Fighting
 + Level 2.0 Long Blades
 + Level 3.1 Dodging
 + Level 3.0 Shields


You couldn't memorise any spells.
You didn't know any spells.

Dungeon Overview and Level Annotations

Branches:
Dungeon (1/15)

Altars:


Innate Abilities, Weirdness & Mutations

You cannot wear most types of armour.
You are amphibious.
You can wear up to eight rings at the same time.
You can use your tentacles to constrict many enemies at once.
Your skin changes colour to match your surroundings (Stealth).
Your rubbery body absorbs attacks (AC +1).


Message History

You block the goblin's attack. You block the ball python's attack.
The ball python constricts you. The goblin hits you.
You barely miss the ball python. Your grab misses the ball python.
The ball python is moderately wounded.
The ball python bites you. The ball python constricts you.
The ball python bites you but does no damage.
* * * LOW HITPOINT WARNING * * *
The ball python constricts you. The goblin hits you.
* * * LOW HITPOINT WARNING * * *
You escape the ball python's grasp.
You block the goblin's attack. You block the ball python's attack.
The ball python closely misses you.
You closely miss the ball python. Your grab misses the ball python.
You squeeze the ball python.
You kill the ball python!
You closely miss the goblin. Your grab misses the goblin.
You block the goblin's attack.
You barely miss the goblin. You grab the goblin.
You constrict the goblin, but do no damage.
The goblin hits you.
You die...

#D#...#D#
#.###..!...#
#####.#####.##.=....#
#D#.#D##..#......#
###.####.#..#.#.....#
#...###.#.##.# ###.#
#.>.'.....##.#
#...##).####.#
#####.g## #.# #X#.@##
#.. ###..# #.. ....#
#.. ....... .........
......... ##......
#....... ...


You could see a goblin.

Vanquished Creatures
  A giant gecko (D:1)
  A ball python (D:1)
  A bat (D:1)
  A goblin (D:1)
4 creatures vanquished.

Notes
Turn   | Place    | Note
--------------------------------------------------------------
     0 | D:1      | Johnny, the Octopode Fighter, began the quest for the Orb.
     0 | D:1      | Reached XP level 1. HP: 16/16 MP: 1/1
     0 | D:1      | Noticed a shadow dragon
     0 | D:1      | Noticed a red draconian
     1 | D:1      | Noticed a tentacled monstrosity
     2 | D:1      | Noticed a pale draconian
     6 | D:1      | Noticed a tentacled monstrosity
     7 | D:1      | Noticed an orb of fire
     8 | D:1      | Noticed a shadow dragon
    10 | D:1      | Noticed an orb of fire
    10 | D:1      | Noticed an orb of fire
    12 | D:1      | Noticed a tentacled monstrosity
    12 | D:1      | Noticed an orb of fire
    13 | D:1      | Noticed an iron dragon
    14 | D:1      | Noticed an ice dragon
    14 | D:1      | Noticed an iron dragon
    16 | D:1      | Noticed a shadow dragon
    16 | D:1      | Noticed a golden dragon
    18 | D:1      | Noticed a shadow dragon
    18 | D:1      | Noticed a shadow dragon
    19 | D:1      | Noticed a large abomination
    61 | D:1      | Slain by a goblin

Action                   || total
-------------------------++-------
Melee: Long sword        ||    13
